 Dungeon Crawl Stone Soup version 0.30.1-4-g462c640d31 (webtiles) character file.

Game seed: 13471338808991964666

299 MrPagan1517 the Chopper (level 6, -3/53 HPs)
             Began as a Hill Orc Fighter on Sept 2, 2023.
             Slain by a gnoll
             ... wielding a +0 halberd
              (4 damage)
             ... on level 3 of the Dungeon.
             The game lasted 00:03:17 (1341 turns).

MrPagan1517 the Chopper (Hill Orc Fighter)          Turns: 1341, Time: 00:03:18

Health: -3/53      AC:  7    Str: 21    XL:     6   Next: 36%
Magic:  6/6        EV:  8    Int:  8    God:
Gold:   83         SH:  8    Dex: 10    Spells: 5/5 levels left

rFire   . . .        a - +0 war axe
rCold   . . .        i - +0 kite shield
rNeg    . . .        b - +0 scale mail
rPois   .            (no helmet)
rElec   .            e - scarf {repulsion}
rCorr   .            (no gloves)
SInv    .            (no boots)
Will    .....        (no amulet) Stlth
                     (no ring)
HPRegen 0.28/turn    (no ring)
MPRegen 0.10/turn

%: repel missiles
@: lethally poisoned (-3 -> -6)
A: no striking features
a: no special abilities


You were on level 3 of the Dungeon.
You visited 1 branch of the dungeon, and saw 3 of its levels.

You collected 83 gold pieces.

Inventory:

Hand Weapons
 a - a +0 war axe (weapon)
Armour
 b - a +0 scale mail (worn)
 e - a scarf of repulsion (worn)
 i - a +0 kite shield (worn)
Jewellery
 o - a ring of wizardry
Scrolls
 f - a scroll of teleportation {unknown}
 g - a scroll of identify {unknown}
 h - a scroll of brand weapon {unknown}
 l - a scroll of noise {unknown}
 p - a scroll of immolation {unknown}
 r - a scroll of blinking {unknown}
Potions
 c - a potion of ambrosia {unknown}
 d - a potion of might
 j - 2 potions of degeneration {unknown}
 k - a potion of resistance {unknown}
 m - 4 potions of brilliance {unknown}
 n - a potion of berserk rage {unknown}
 q - a potion of cancellation {unknown}


   Skills:
 + Level 4.5 Fighting
 + Level 6.2 Axes
 + Level 4.5 Armour
 - Level 0.3 Dodging
 + Level 4.2 Shields


You had 5 spell levels left.
You didn't know any spells.
Your spell library contained the following spells:

 Spells                   Type           Power      Damage    Failure   Level
 Ozocubu's Armour         Ice            0%         N/A       100%        3
 Ozocubu's Refrigeration  Ice            0%         4d7       100%        7


Dungeon Overview and Level Annotations

Branches:
Dungeon (2/15)

Altars:
Ashenzari
Cheibriados
Dithmenos
Elyvilon
Fedhas
Hepliaklqana
Kikubaaqudgha
Makhleb
Okawaru
Qazlal
Ru
Sif Muna
Uskayaw
Vehumet
Wu Jian
The Shining One


Message History

You kill the ball python!
You hit the gnoll but do no damage. You barely miss the gnoll.
The gnoll hits you but does no damage. The gnoll hits you with a +0 whip.
You block the gnoll's attack. The gnoll hits you with a +0 club.
The gnoll completely misses you. The gnoll hits you with a +0 whip.
You barely miss the gnoll. You slash the gnoll! The gnoll barely misses you. x2
The gnoll closely misses you. The gnoll hits you with a +0 club.
You slash the gnoll!
You kill the gnoll!
You slash the gnoll!
The gnoll hits you from afar with a +1 spear of venom.
You are poisoned.
You block the gnoll's attack. The gnoll hits you with a +0 club.
You slash the gnoll!
You kill the gnoll!
You feel very sick. The gnoll hits you but does no damage.
You are more poisoned.
The gnoll hits you from afar with a +0 halberd!
The gnoll hits you from afar with a +1 spear of venom.
You are more poisoned.
The gnoll throws a throwing net.
The throwing net is repelled.
You feel very sick. You block the gnoll's attack. The gnoll barely misses you.
You barely miss the gnoll. You hit the gnoll.
You feel very sick. You block the gnoll's attack. The gnoll closely misses you.
You barely miss the gnoll. You hit the gnoll.
You feel very sick. You block the gnoll's attack.
The gnoll hits you with a +0 halberd!
* * * LOW HITPOINT WARNING * * *
You slash the gnoll!
You kill the gnoll!
You hit the gnoll but do no damage.
* * * LOW HITPOINT WARNING * * *
You feel very sick. You block the gnoll's attack. x2
* * * LOW HITPOINT WARNING * * *
You feel sick. The gnoll hits you with a +0 halberd.
You die...

.. ......#
#.##.#...#
#.......####
#...).....#
#.....)$..#
#.##.........
#......)g.#
#..@.# #..).#
#.#.##
###.#.#
.(#..#
#####.#.##
.........##
######.>..#
#....#


You could see a gnoll.

Vanquished Creatures
  Sigmund (D:2)
  An orc wizard (D:3)
  Robin (D:2)
  3 gnolls (D:3)
  2 adders (D:3)
  An orc (D:3)
  4 bats (D:1)
  4 endoplasms (D:1)
  A giant cockroach (D:3)
  11 goblins
  6 hobgoblins
  A quokka (D:1)
  5 ball pythons
  5 frilled lizards
  A kobold (D:1)
  4 rats
51 creatures vanquished.

Vanquished Creatures (others)
  An orc wizard (D:3)
1 creature vanquished.

Grand Total: 52 creatures vanquished

Notes
Turn   | Place    | Note
-------+----------+-------------------------------------------
     0 | D:1      | MrPagan1517 the Hill Orc Fighter began the quest for the
                  | Orb.
     0 | D:1      | Reached XP level 1. HP: 19/19 MP: 1/1
    84 | D:1      | Found a stormy altar of Qazlal.
    99 | D:1      | Reached XP level 2. HP: 27/27 MP: 2/2
   151 | D:1      | Reached skill level 3 in Axes
   437 | D:1      | Found a faded altar of an unknown god.
   529 | D:1      | Reached XP level 3. HP: 33/33 MP: 3/3
   631 | D:2      | Noticed Sigmund
   640 | D:2      | Killed Sigmund
   641 | D:2      | Reached skill level 5 in Axes
   641 | D:2      | Reached XP level 4. HP: 16/41 MP: 4/4
   641 | D:2      | Reached XP level 5. HP: 19/47 MP: 5/5
   788 | D:2      | Noticed Robin
   804 | D:2      | Killed Robin
   911 | D:2      | You fall into a shaft and drop 1 floor!
   911 | D:3      | Found a hazy altar of Hepliaklqana.
   911 | D:3      | Found a broken altar of Ashenzari.
   911 | D:3      | Found a shimmering blue altar of Sif Muna.
   911 | D:3      | Found an iron altar of Okawaru.
   911 | D:3      | Found a shadowy altar of Dithmenos.
   911 | D:3      | Found a blossoming altar of Fedhas.
   911 | D:3      | Found a snail-covered altar of Cheibriados.
   911 | D:3      | Found a hide-covered altar of Uskayaw.
   911 | D:3      | Found a radiant altar of Vehumet.
   911 | D:3      | Found an ornate altar of the Wu Jian Council.
   911 | D:3      | Found a white marble altar of Elyvilon.
   911 | D:3      | Found a burning altar of Makhleb.
   916 | D:3      | Found a sacrificial altar of Ru.
   916 | D:3      | Found an ancient bone altar of Kikubaaqudgha.
  1147 | D:3      | Reached XP level 6. HP: 53/53 MP: 6/6
  1184 | D:3      | Found a glowing golden altar of the Shining One.
  1239 | D:3      | Reached skill level 6 in Axes
  1340 | D:3      | HP: 2/53 [poisoned by a gnoll]
  1341 | D:3      | Slain by a gnoll

Illustrated notes

Levels and vault maps discovered:
D:1:      dpeg_arrival_rhombi, layout_basic,
          dreamdust_ecumenical_altar_hidden_monk_grotto, minmay_hexomino_r4
D:2:      layout_loops_cross, uniq_sigmund, uniq_robin
D:3:      layout_loops_ring, nicolae_overflows_in_rows,
          mainiacjoe_overflow_small_starburst, kennysheep_cross_bottleneck

Skill      XL: |  1  2  3  4  5  6 |
---------------+-------------------+-----
Axes           | 3 5 6 |  6.2
Fighting       | 4 |  4.5
Armour         | 4 |  4.5
Shields        | 4 |  4.2
Dodging        | |  0.3

Action                     |  1- 3 |  4- 6 || total
---------------------------+-------+-------++-------
  Melee: War axe           |    63 |    73 ||   136
 Armour: Scale mail        |    33 |    33 ||    66
  Dodge: Dodged            |    20 |    24 ||    44
         Repelled          |       |     3 ||     3
  Block: Buckler           |     8 |       ||     8
         Kite shield       |    14 |    25 ||    39
